 Dungeon Sprint DCSS version 0.20.1-1-g8b1a95d (webtiles) character file.

1895 wojtek the Bludgeoner (level 8, -1/83 HPs)
             Began as a Minotaur Fighter on Jan 1, 2018.
             Slain by a hell hog (3 damage)
             ... in the Dungeon (Sprint II: "The Violet Keep of Menkaure").
             The game lasted 00:04:42 (990 turns).

wojtek the Bludgeoner (Minotaur Fighter)             Turns: 990, Time: 00:04:42

Health: -1/83      AC: 15    Str: 23    XL:     8   Next: 93%
Magic:  7/7        EV:  7    Int:  8    God:
Gold:   120        SH:  9    Dex: 10    Spells: 7/7 levels left

rFire    x . .     SeeInvis .   a - +0 flail
rCold    . . .     Gourm    .   c - +0 shield
rNeg     + + +     Faith    .   l - +0 plate armour of Lipsuepp {rElec rPois rF- rN+++} (curse)
rPois    +         Spirit   .   n - +0 hat {Int+3}
rElec    +         Reflect  .   (no cloak)
rCorr    .         Harm     .   (no gloves)
MR       .....     NoTele   +   (no boots)
Stlth    ..........             (no amulet)
Regen    0.3/turn               (no ring)
MPRegen  0.1/turn               (no ring)

@: no status effects
A: retaliatory headbutt, horns 2
a: no special abilities


You were in the Dungeon.
You were not hungry.

You visited 1 branch You collected 1070 gold pieces.
You spent 950 gold pieces at shops.

Inventory:

Hand Weapons
 a - a +0 flail (weapon)
Armour
 b - a +0 scale mail
 c - a +0 shield (worn)
 l - the cursed +0 plate armour of Lipsuepp (worn) {rElec rPois rF- rN+++}
   (You bought it in a shop in the Dungeon)

   It makes you vulnerable to fire.
   It insulates you from electricity.
   It protects you from poison.
   It renders you almost immune to negative energy.
   It has a curse placed upon it.
 n - a +0 hat of intelligence (worn)
Scrolls
 k - a scroll of blinking
 m - a scroll of remove curse
Potions
 d - a potion of might
 e - a potion of curing
 h - a potion of haste
 i - 2 potions of magic
 j - a potion of berserk rage
Comestibles
 f - a bread ration
 o - a fruit


   Skills:
 + Level 11.9 Fighting
 * Level 15.4 Maces & Flails
 + Level 11.7 Armour
 + Level 6.5 Dodging
 - Level 3.6 Shields


You had 7 spell levels left.
You didn't know any spells.

Dungeon Overview and Level Annotations

Branches:
Dungeon (1/1)

Altars:
Cheibriados
Dithmenos
Elyvilon
Hepliaklqana
Kikubaaqudgha
Makhleb
Qazlal
Ru
Sif Muna
Trog
Uskayaw
Vehumet
Xom
Yredelemnul
Zin
The Shining One
Jiyva
Lugonu

Shops:
D !(:[([**%:=(?=}!

Annotations:
D exclusions: oklob plant and orange crystal statue, Roxanne


Innate Abilities, Weirdness & Mutations

You reflexively headbutt those who attack you in melee.
You have a pair of horns on your head.


Message History

The fireball engulfs the hell hog.
The hell hog resists.
You sock the hell hog!
The hell hog is lightly wounded.
The hell hog barely misses you. You furiously retaliate!
You headbutt the hell hog! The hell hog barely misses you.
You thump the hell hog!
The hell hog is heavily wounded.
The hell hog bites you but does no damage.
You thump the hell hog!
The hell hog is heavily wounded.
You block the hell hog's attack.
You hit the hell hog but do no damage.
You headbutt the hell hog, but do no damage.
The hell hog is heavily wounded.
The hell hog bites you!
* * * LOW HITPOINT WARNING * * *
You barely miss the hell hog.
The hell hog is heavily wounded.
The hell hog bites you.
You die...

§§§§≈≈≈ §§§.≈≈≈ ≈≈§8≈≈.
#++# §§§§§.≈ ...###
#§§§§≈§≈ ....# #+++#+++##
...# .........# ..#
≈.##+##..# ####.#
≈##...##.####$.h@###
≈#.)#..#....#./#...#
###...####..#####^.#
.###'###.##..#..'..#
#.##.##...#..#..#..# #
##'.<.'.##'..####..##.#
#.##.##...#..§.###...##▓▓
.###'###.##......≈≈≈≈≈≈≈≈≈
####.#####≈≈.....≈#+######


You could see a hell hog.

Vanquished Creatures
  A hell hog (D)
  A merfolk siren (D)
  2 hippogriffs (D)
  Menkaure (D)
  4 necrophages (D)
  A crocodile (D)
  A hell rat (D)
  4 worker ants (D)
  A spectral bat (D)
  A spectral giant cockroach (D)
17 creatures vanquished.

Notes
Turn   | Place    | Note
-------+----------+-------------------------------------------
     0 | D        | wojtek the Minotaur Fighter began the quest for the Orb.
     0 | D        | Reached XP level 1. HP: 19/19 MP: 0/0
     1 | D        | Noticed a merfolk siren
    18 | D        | Killed a merfolk siren
    18 | D        | Reached skill level 11 in Maces & Flails
    18 | D        | Reached XP level 2. HP: 19/36 MP: 1/1
    18 | D        | Reached XP level 3. HP: 22/41 MP: 2/2
    18 | D        | Reached XP level 4. HP: 26/49 MP: 3/3
    18 | D        | Reached XP level 5. HP: 30/56 MP: 4/4
    18 | D        | Reached XP level 6. HP: 33/62 MP: 5/5
   178 | D        | Reached skill level 12 in Maces & Flails
   203 | D        | Reached XP level 7. HP: 70/71 MP: 6/6
   209 | D        | Reached skill level 10 in Fighting
   209 | D        | Reached skill level 1 in Dodging
   212 | D        | Reached skill level 13 in Maces & Flails
   212 | D        | Reached skill level 10 in Armour
   237 | D        | Noticed a hippogriff
   237 | D        | Noticed a hippogriff
   250 | D        | Killed a hippogriff
   254 | D        | Killed a hippogriff
   254 | D        | Reached skill level 14 in Maces & Flails
   254 | D        | Reached XP level 8. HP: 44/82 MP: 7/7
   365 | D        | Found Ykujy's Antique Weapon Emporium.
   365 | D        | Found Sujama's Jewellery Emporium.
   365 | D        | Found Eqymuc's Food Shoppe.
   365 | D        | Found Xunwud's Distillery.
   365 | D        | Found Ushaefub's Jewellery Shoppe.
   365 | D        | Found Xaoc's Magic Scroll Shoppe.
   365 | D        | Found Noiciopp's Gadget Shoppe.
   417 | D        | Found Inus's Book Emporium.
   417 | D        | Found Jioserch's General Store.
   476 | D        | Found Fyez's General Store.
   476 | D        | Found Itillemi's Antique Armour Emporium.
   479 | D        | Found Hobiaru's Antique Weapon Emporium.
   479 | D        | Found Saredwu's Antique Armour Shoppe.
   479 | D        | Noticed Menkaure
   479 | D        | Noticed an iron elemental
   479 | D        | Noticed an oklob plant
   497 | D        | Killed Menkaure
   497 | D        | Reached skill level 5 in Dodging
   503 | D        | Found Kos Ted's Antique Weapon Shoppe.
   503 | D        | Found Ruci's Distillery.
   503 | D        | Found Nafeisyl's Book Shoppe.
   504 | D        | Noticed a spiny frog
   506 | D        | Noticed a spiny frog
   549 | D        | Bought a pitted plate armour for 728 gold pieces
   559 | D        | Identified the cursed +0 plate armour of Lipsuepp {rElec rPois rF- rN+++} (You bought it in a shop in the Dungeon)
   564 | D        | Bought a scroll of remove curse for 33 gold pieces
   570 | D        | Bought a runed hat for 189 gold pieces
   753 | D        | Noticed an orange crystal statue
   762 | D        | Found a glowing silver altar of Zin.
   762 | D        | Found a radiant altar of Vehumet.
   945 | D        | Noticed Roxanne
   955 | D        | Found a glowing golden altar of the Shining One.
   955 | D        | Found a basalt altar of Yredelemnul.
   955 | D        | Found a hide-covered altar of Uskayaw.
   956 | D        | Found a shimmering altar of Xom.
   956 | D        | Found a bloodstained altar of Trog.
   957 | D        | Found a deep blue altar of Sif Muna.
   957 | D        | Found a corrupted altar of Lugonu.
   957 | D        | Found a burning altar of Makhleb.
   958 | D        | Found a sacrificial altar of Ru.
   958 | D        | Found an ancient bone altar of Kikubaaqudgha.
   958 | D        | Found a white marble altar of Elyvilon.
   959 | D        | Found a stormy altar of Qazlal.
   959 | D        | Found a viscous altar of Jiyva.
   959 | D        | Found a shadowy altar of Dithmenos.
   960 | D        | Found a hazy altar of Hepliaklqana.
   960 | D        | Found a snail-covered altar of Cheibriados.
   978 | D        | Noticed a hell hog
   978 | D        | Noticed a hell hog
   983 | D        | HP: 4/82 [hell hog (6)]
   984 | D        | Killed a hell hog
   984 | D        | Reached skill level 15 in Maces & Flails
   989 | D        | HP: 2/83 [hell hog (7)]
   990 | D        | Slain by a hell hog

Skill      XL: |  1  2  3  4  5  6  7  8 |
---------------+-------------------------+-----
Fighting       | 8 9 11 | 11.9
Maces & Flails | 11 12 14 15 | 15.4
Armour         | 8 9 10 11 | 11.7
Dodging        | 4 6 |  6.5
Shields        | |  3.6

Action                   |  1- 3 |  4- 6 |  7- 9 || total
-------------------------+-------+-------+-------++-------
Melee: Flail             |    15 |    18 |    60 ||    93
       Headbutt          |     2 |     3 |    17 ||    22
  Use: Potion            |       |       |     1 ||     1
Armor: Scale mail        |     1 |     6 |     5 ||    12
       Plate armour      |       |       |     8 ||     8
Dodge: Dodged            |       |     3 |    17 ||    20
Block: Shield            |     1 |     3 |    23 ||    27
